 Dungeon Crawl Stone Soup version 0.15-a0-1506-g1b030bc (webtiles) character file.

4555 Charly the Transmogrifier (level 10, -2/78 HPs)
             Began as a Merfolk Transmuter on June 15, 2014.
             Was an Initiate of Ashenzari.
             Slain by a killer bee (9 damage)
             ... on Level 8 of the Dungeon.
             The game lasted 02:14:46 (12238 turns).

Charly the Transmogrifier (Merfolk Transmuter)     Turns: 12238, Time: 02:14:46

HP  -2/78        AC  6     Str 11      XL: 10   Next: 40%
MP  23/26        EV 10     Int 19      God: Ashenzari [......]
Gold 434         SH  0     Dex 14      Spells:  5 memorised, 10 levels left

rFire  x . .     SeeInvis .     a - melded +1 blowgun
rCold  + + +     Clarity  .     o - melded +3 ring mail (curse)
rNeg   . . .     rCorr    .     (shield currently unavailable)
rPois  +         rRot     .     (helmet currently unavailable)
rElec  .         Spirit   .     C - melded +0 cloak
SustAb .         Warding  .     G - melded +1 pair of gloves
rMut   +         Stasis   .     (boots currently unavailable)
Gourm  .                        m - amulet of resist mutation
MR     .....                    i - +3 ring of intelligence
                                p - ring of poison resistance

@: about to teleport, ice-form, very slightly contaminated, hasted, very quick,
not resistant to hostile enchantments, very unstealthy
A: (change form in water), (swift swim), (camouflage 0)
a: End Transformation, Renounce Religion


You were on level 8 of the Dungeon.
You worshipped Ashenzari.
Ashenzari was noncommittal.
You were not hungry.
You were a creature of crystalline ice.
You visited 2 branches of the dungeon, and saw 9 of its levels.

You collected 434 gold pieces.

Inventory:

Hand weapons
 a - a +1 blowgun (melded)
Missiles
 b - 50 arrows
 e - 33 poisoned needles
 l - 27 arrows of flame
 w - a throwing net
 L - 2 javelins (quivered)
 N - 11 arrows of frost
Armour
 o - a cursed +3 ring mail (melded)
 C - a +0 cloak (melded)
 G - a +1 pair of gloves (melded)
Magical devices
 E - a wand of enslavement (10)
 P - a wand of polymorph (2)
Comestibles
 y - 7 bread rations
Scrolls
 h - 3 scrolls of enchant armour
 r - a scroll of immolation {unknown}
 u - 3 scrolls of noise
 A - a scroll of identify
 B - 2 scrolls of curse weapon
Jewellery
 c - an uncursed ring of protection from cold
 i - a +3 ring of intelligence (right paw)
 m - an amulet of resist mutation (around neck)
 n - an uncursed ring of positive energy
 p - a ring of poison resistance (left paw)
 z - an uncursed ring of invisibility
Potions
 f - a potion of porridge
 g - a potion of agility
 j - 2 potions of curing
 q - 3 potions of resistance
 x - a potion of might
 H - a potion of restore abilities
Books
 d - a book of Changes

   Spells                             Type                      Level
   *Beastly Appendage                 Transmutation                1
   *Sticks to Snakes                  Transmutation                2
   *Spider Form                       Transmutation/Poison         3
   *Ice Form                          Ice/Transmutation            4
   *Blade Hands                       Transmutation                5
 v - a book of Envenomations

   Spells                             Type                      Level
   *Spider Form                       Transmutation/Poison         3
   Alistair's Intoxication            Transmutation/Poison         4
   Olgreb's Toxic Radiance            Poison                       4
   Poisonous Cloud                    Conjuration/Poison/Air       6


   Skills:
 - Level 1.1 Fighting
 - Level 2.6 Dodging
 + Level 7.7 Unarmed Combat
 + Level 8.1 Spellcasting
 + Level 10.9 Transmutations
 + Level 5.9 Ice Magic
 - Level 3.0 Poison Magic


You had 10 spell levels left.
You knew the following spells:

 Your Spells              Type           Power        Failure   Level  Hunger
b - Beastly Appendage     Trmt           #####.       1%          1    None
h - Blade Hands           Trmt           #####.....   2%          5    ####...
s - Sticks to Snakes      Trmt           #####.....   1%          2    None
I - Ice Form              Ice/Trmt       #####.....   2%          4    ###....
S - Spider Form           Trmt/Pois      ####......   1%          3    #......


Dungeon Overview and Level Annotations

Branches:
Dungeon (8/15)             Temple (1/1) D:7
   Lair: D:8-11

Altars:
Ashenzari
Cheibriados
Dithmenos
Elyvilon
Fedhas
Gozag
Kikubaaqudgha
Makhleb
Nemelex Xobeh
Okawaru
Qazlal
Sif Muna
Trog
Vehumet
Xom
Yredelemnul
Zin
The Shining One
Jiyva


Innate Abilities, Weirdness & Mutations

((You revert to your normal form in water.))*
((You are very nimble and swift while swimming.))*
((Your skin changes colour to match your surroundings (Stealth).))*


Message History

Drink which item? (? for menu, Esc to quit)
You feel better.
The killer bee stings you but does no damage.
The killer bee stings you! x2
* * * LOW HITPOINT WARNING * * *
The killer bee stings you.
* * * LOW HITPOINT WARNING * * *
The killer bee barely misses you.
Drink which item? (? for menu, Esc to quit)
You feel better. The killer bee closely misses you. The killer bee stings you!
* * * LOW HITPOINT WARNING * * *
The killer bee barely misses you. The killer bee misses you.
The killer bee stings you.
* * * LOW HITPOINT WARNING * * *
The killer bee stings you but does no damage.
Drink which item? (? for menu, Esc to quit)
You feel better. The killer bee barely misses you. The killer bee stings you!
* * * LOW HITPOINT WARNING * * *
The killer bee stings you!
You die...

≈≈≈....#########...##
≈≈..................##
.....................##
.....................<##
..[............)......<#
.....................<##
.....................##
§§..§..........y....##
≈§§...........yyY..##
≈§§§...###.....yy.##
≈§≈...## ##......##
§≈....# #.....##
......## ##y...##
.......###....##
............[##
.........S..##
...........##


You could see a queen bee and 5 killer bees.

Vanquished Creatures
  Pikel (D:5)
  The ghost of Gekot the Sneak, an experienced DEWz of Sif Muna (D:7)
  A raven (D:7)
  Eustachio (D:6)
  A swamp drake (D:7)
  2 black bears
  4 slaves (D:5)
  2 sky beasts
  A yellow wasp (D:7)
  2 centaurs (D:6)
  2 ogres
  A big kobold (D:6)
  Duvessa (D:6)
  Blork the orc (D:6)
  5 giant frogs
  A gnoll sergeant (D:6)
  A troll zombie (D:8)
  5 killer bees
  A scorpion (D:7)
  A goliath beetle (D:7)
  2 jellies
  2 crimson imps (D:4)
  Crazy Yiuf (D:3)
  5 big fish (D:7)
  2 orc priests (D:6)
  5 iguanas
  4 hounds (D:6)
  6 worker ants
  3 orc wizards
  Ijyb (D:3)
  An ogre skeleton (D:7)
  12 adders
  6 gnolls (D:6)
  A big fish zombie (D:7)
  4 shadow imps
  2 white imps (D:6)
  A giant mite (D:1)
  3 worms
  An adder skeleton (D:7)
  7 oozes
  25 orcs
  12 bats
  A bat zombie (D:6)
  12 goblins
  27 hobgoblins
  14 jackals
  5 quokkas
  2 ball pythons (D:3)
  4 giant cockroaches
  6 giant geckos
  7 giant newts
  A hobgoblin zombie (D:8)
  18 kobolds
  3 orc zombies (D:7)
  13 rats
  A fungus (D:3)
255 creatures vanquished.

Vanquished Creatures (collateral kills)
  A steam dragon (D:7)
  The ghost of Crauler the Insei, an average DrTm (D:3)
  Menkaure (D:5)
  An ogre (D:4)
  A centaur (D:5)
  A gnoll sergeant (D:6)
  2 scorpions (D:3)
  2 killer bees (D:8)
  Dowan (D:6)
  An orc priest (D:6)
  A jelly (D:4)
  An orc wizard (D:4)
  2 gnolls (D:6)
  An orc (D:4)
  A ball python (D:5)
  A bat (D:4)
  2 jackals (D:6)
  A giant newt (D:3)
  2 kobolds (D:6)
24 creatures vanquished.

Vanquished Creatures (others)
  A toadstool (D:4)
1 creature vanquished.

Grand Total: 280 creatures vanquished

Notes
Turn   | Place    | Note
--------------------------------------------------------------
     0 | D:1      | Charly, the Merfolk Transmuter, began the quest for the Orb.
     0 | D:1      | Reached XP level 1. HP: 15/15 MP: 3/3
   215 | D:1      | Reached XP level 2. HP: 11/21 MP: 4/4
   586 | D:1      | Reached skill level 4 in Unarmed Combat
   681 | D:1      | Reached XP level 3. HP: 23/26 MP: 3/6
   743 | D:1      | Learned a level 2 spell: Sticks to Snakes
   747 | D:1      | Learned a level 3 spell: Spider Form
  1549 | D:2      | Found a shimmering altar of Xom.
  1689 | D:2      | Reached XP level 4. HP: 32/32 MP: 8/8
  1923 | D:3      | Noticed Crauler's ghost (average DrTm)
  1948 | D:3      | Killed Crauler's ghost
  1948 | D:3      | Reached skill level 1 in Poison Magic
  1948 | D:3      | Reached XP level 5. HP: 34/37 MP: 3/11
  2357 | D:3      | Reached XP level 6. HP: 15/43 MP: 4/13
  2556 | D:3      | Reached skill level 5 in Transmutations
  3686 | D:3      | Noticed Ijyb
  3700 | D:3      | Killed Ijyb
  3792 | D:3      | Found a glowing silver altar of Zin.
  3923 | D:3      | Noticed Crazy Yiuf
  3953 | D:3      | Killed Crazy Yiuf
  4092 | D:3      | Learned a level 4 spell: Ice Form
  4520 | D:4      | Reached skill level 1 in Ice Magic
  4520 | D:4      | Reached XP level 7. HP: 44/48 MP: 10/17
  5371 | D:4      | Gained mutation: Your skin changes colour to match your surroundings (Stealth). [potion of beneficial mutation]
  5451 | D:4      | Reached skill level 6 in Transmutations
  5538 | D:4      | Reached skill level 5 in Unarmed Combat
  5690 | D:4      | Found a viscous altar of Jiyva.
  5833 | D:4      | Found a sparkling altar of Nemelex Xobeh.
  5895 | D:5      | Entered Level 5 of the Dungeon
  5896 | D:5      | Noticed Menkaure
  5908 | D:5      | Killed Menkaure
  6057 | D:5      | Reached XP level 8. HP: 27/54 MP: 6/19
  6330 | D:5      | Reached skill level 5 in Spellcasting
  6536 | D:5      | Noticed Pikel
  6585 | D:5      | Killed Pikel
  6585 | D:5      | Reached skill level 7 in Transmutations
  7210 | D:6      | Reached skill level 8 in Transmutations
  7637 | D:6      | Reached XP level 9. HP: 54/59 MP: 23/23
  7708 | D:6      | Got a polished war axe
  8070 | D:6      | Learned a level 5 spell: Blade Hands
  8117 | D:6      | Reached skill level 9 in Transmutations
  8234 | D:6      | Got a twisted hand axe
  8505 | D:6      | Noticed Dowan
  8539 | D:6      | Noticed Duvessa
  8555 | D:6      | Killed Duvessa
  8561 | D:6      | Killed Dowan
  8788 | D:6      | Noticed Eustachio
  8811 | D:6      | Killed Eustachio
  9193 | D:6      | Noticed Blork the orc
  9245 | D:6      | Killed Blork the orc
  9342 | D:6      | Identified the cursed +10,+3 war axe "Wul Thur" {freeze, Str+3 Dex+1} (You took it off a gnoll on level 6 of the Dungeon)
  9347 | D:6      | Identified the +9,+5 hand axe of Bankruptcy {chop, rPois} (You took it off an orc on level 6 of the Dungeon)
  9482 | D:7      | Noticed Gekot's ghost (experienced DEWz)
  9510 | D:7      | Killed Gekot's ghost
  9510 | D:7      | Reached skill level 5 in Ice Magic
  9644 | D:7      | Reached skill level 10 in Transmutations
  9779 | D:7      | Found a staircase to the Ecumenical Temple.
 10179 | D:7      | Reached XP level 10. HP: 65/65 MP: 25/25
 10831 | Temple   | Entered the Ecumenical Temple
 10844 | Temple   | Became a worshipper of Ashenzari the Shackled
 11535 | D:7      | Found an ancient bone altar of Kikubaaqudgha.
 11536 | D:7      | Found a blossoming altar of Fedhas.
 11895 | D:8      | Found a shadowy altar of Dithmenos.
 12238 | D:8      | Slain by a killer bee

Action                   |  1- 3 |  4- 6 |  7- 9 | 10-12 || total
-------------------------+-------+-------+-------+-------++-------
Melee: Unarmed           |    81 |   201 |   311 |   178 ||   771
 Fire: Blowgun           |       |       |   113 |    36 ||   149
Throw: Stone             |    82 |    70 |    36 |       ||   188
       Javelin           |       |    25 |    36 |       ||    61
       Throwing net      |       |       |     1 |       ||     1
 Cast: Beastly Appendage |    18 |    22 |     6 |     3 ||    49
       Sticks to Snakes  |     2 |    31 |    78 |     2 ||   113
       Spider Form       |       |     3 |    30 |     4 ||    37
       Ice Form          |       |       |     2 |     5 ||     7
       Blade Hands       |       |       |       |     2 ||     2
 Abil: End Transformatio |       |       |    19 |     7 ||    26
Evoke: Wand              |       |     1 |     5 |     6 ||    12
  Use: Scroll            |     4 |     5 |    12 |     4 ||    25
       Potion            |       |     1 |     2 |     8 ||    11
 Stab: Sleeping          |       |       |     9 |     1 ||    10
       Distracted        |       |       |     4 |     1 ||     5
